 Dungeon Crawl Stone Soup version 0.21.1-1-g345015f (webtiles) character file.

67 grindst0ne the Skirmisher (level 4, 0/38 HPs)
             Began as a Demonspawn Gladiator on Mar 5, 2018.
             Shot with a stone by a goblin (4 damage)
             ... on level 2 of the Dungeon.
             The game lasted 00:01:35 (1024 turns).

grindst0ne the Skirmisher (Demonspawn Gladiator)    Turns: 1024, Time: 00:01:36

Health: 0/38       AC:  7    Str: 15    XL:     4   Next: 0%
Magic:  4/4        EV: 10    Int:  9    God:
Gold:   35         SH:  0    Dex: 15    Spells: 3/3 levels left

rFire    . . .     SeeInvis .   a - +0 war axe
rCold    . . .     Gourm    .   (no shield)
rNeg     . . .     Faith    .   h - +0 scale mail
rPois    .         Spirit   .   c - +0 helmet
rElec    .         Reflect  .   (no cloak)
rCorr    .         Harm     .   (no gloves)
MR       .....                  (no boots)
Stlth    ..........             (no amulet)
HPRegen  0.12/turn              e - ring of loudness (curse)
MPRegen  0.09/turn              (no ring)

@: no status effects
A: nightstalker 1, powered by pain 1
a: no special abilities


You were on level 2 of the Dungeon.
You were not hungry.

You visited 1 branch of the dungeon, and saw 2 of its levels.

You collected 35 gold pieces.

Inventory:

Hand Weapons
 a - a +0 war axe (weapon)
Missiles
 d - 3 throwing nets (quivered)
Armour
 b - a +0 leather armour
 c - a +0 helmet (worn)
 h - a +0 scale mail (worn)
Jewellery
 e - a cursed ring of loudness (left hand)
Scrolls
 g - 3 scrolls of identify {unknown}
 i - a scroll of enchant weapon {unknown}
 l - a scroll of fear {unknown}
 m - 3 scrolls of teleportation {unknown}
Potions
 k - a potion of lignification {unknown}
Comestibles
 f - a ration
 n - 6 chunks of flesh


   Skills:
 + Level 4.3 Fighting
 - Level 2.6 Axes
 - Level 1.7 Throwing
 - Level 2.6 Dodging


You had 3 spell levels left.
You didn't know any spells.

Dungeon Overview and Level Annotations

Branches:
Dungeon (2/15)

Altars:
Hepliaklqana


Innate Abilities, Weirdness & Mutations

You are slightly more attuned to the shadows.
You sometimes gain a little power by taking damage.


Message History

You miss the goblin. The goblin hits you but does no damage.
The goblin closely misses you.
You closely miss the goblin. The goblin completely misses you.
A goblin comes into view.
You barely miss the goblin.
The goblin shouts!
The goblin wields a hunting sling.
The goblin shoots a stone.
The stone hits you but does no damage. The goblin hits you.
* * * LOW HITPOINT WARNING * * *
You barely miss the goblin.
The goblin shoots a stone.
The stone hits you but does no damage. The goblin hits you but does no damage.
The goblin completely misses you.
The goblin shoots a stone.
The stone hits you.
* * * LOW HITPOINT WARNING * * *
You slash the goblin!
You kill the goblin!
You have reached level 4!
You feel agile.
The goblin shoots a stone.
The stone hits you.
You die...

# ### # .###.. .. .
....# .# #.####..#
..##
##.g...?.##.....
....#....@†...# #.#
#..#.#.......# #.##
#..#.#.####.... ...#
#......# ###
...######....>.###
.................#
.....##.#..#.#.#.#
........#....#...#
...........#####<...


You could see a goblin.

Vanquished Creatures
  A hound (D:2)
  An adder (D:2)
  A worm (D:2)
  3 bats
  2 goblins
  3 hobgoblins
  4 jackals (D:1)
  3 kobolds
  4 frilled lizards
  3 rats
25 creatures vanquished.

Notes
Turn   | Place    | Note
-------+----------+-------------------------------------------
     0 | D:1      | grindst0ne the Demonspawn Gladiator began the quest for the Orb.
     0 | D:1      | Reached XP level 1. HP: 16/16 MP: 1/1
   338 | D:1      | Gained mutation: You sometimes gain a little power by taking damage. [demonic ancestry]
   338 | D:1      | Reached XP level 2. HP: 22/23 MP: 2/2
   396 | D:1      | Reached skill level 3 in Fighting
   771 | D:2      | Found a faded altar of an unknown god.
   795 | D:2      | Found a hazy altar of Hepliaklqana.
   970 | D:2      | Gained mutation: You are slightly more attuned to the shadows. [demonic ancestry]
   970 | D:2      | Reached XP level 3. HP: 11/30 MP: 3/3
   984 | D:2      | Reached skill level 4 in Fighting
  1024 | D:2      | Reached XP level 4. HP: 4/38 MP: 4/4
  1024 | D:2      | Shot with a stone by a goblin

Skill      XL: |  1  2  3 |
---------------+----------+-----
Fighting       | 3 4 |  4.3
Axes           | |  2.6
Throwing       | |  1.7
Dodging        | |  2.6

Action                   |  1- 3 |  4- 6 || total
-------------------------+-------+-------++-------
Melee: War axe           |   100 |       ||   100
  Use: Potion            |     2 |       ||     2
 Stab: Invisible         |     1 |       ||     1
  Eat: Chunk             |     1 |       ||     1
Armor: Leather armour    |     6 |       ||     6
       Scale mail        |    59 |       ||    59
Dodge: Dodged            |    96 |       ||    96
